 Dungeon Crawl Stone Soup version 0.24-a0-537-g2d01d4ab0a (webtiles) character file.

Game seed: 11067077784710462884

4957 BinkBink the Skirmisher (level 10, -3/80 HPs)
             Began as a Demonspawn Berserker on Aug 13, 2019.
             Was a High Priest of Trog.
             Slain by an orc warrior
             ... wielding a +0 halberd
              (24 damage)
             ... in a bailey.
             The game lasted 00:19:40 (7428 turns).

BinkBink the Skirmisher (Demonspawn Berserker)      Turns: 7428, Time: 00:19:40

Health: -3/80      AC: 16    Str: 21    XL:     10   Next: 28%
Magic:  0/10       EV: 13    Int:  9    God:    Trog [*****.]
Gold:   377        SH:  4    Dex: 12    Spells: 9/9 levels left

rFire    x . .     SeeInvis .   N - +3 scimitar (flame)
rCold    + . .     Gourm    .   (no shield)
rNeg     . . .     Faith    .   i - +4 ring mail
rPois    +         Spirit   +   (helmet restricted)
rElec    .         Reflect  .   I - +2 cloak
rCorr    +         Harm     .   E - +0 pair of gloves
MR       ++...                  t - +0 pair of boots
Stlth    +.........             o - amulet of regeneration
HPRegen  1.63/turn              r - ring of resist corrosion
MPRegen  0.24/turn              F - ring of Xosuxt {Ice rPois}

@: regenerating
A: horns 2, large bone plates 1, foul stench 1, magic shield, magic
regeneration, rot immunity
a: Berserk, Trog's Hand, Brothers in Arms, Renounce Religion


You were in a bailey.
You worshipped Trog.
Trog was extremely pleased with you.
You were not hungry.

You visited 1 branch of the dungeon, and saw 9 of its levels.
You also visited: Sewer, Ossuary and Bailey.

You collected 377 gold pieces.

Inventory:

Hand Weapons
 H - a +2 mace of draining
 L - a +2 falchion of freezing
 N - a +3 scimitar of flaming (weapon)
Missiles
 G - 7 silver javelins (quivered)
Armour
 i - a +4 ring mail (worn)
 t - a +0 pair of boots (worn)
 E - a +0 pair of gloves (worn)
 I - a +2 cloak (worn)
Jewellery
 a - an uncursed amulet of harm {unknown}
 o - an amulet of regeneration (around neck)
 r - a ring of resist corrosion (left hand)
 s - an uncursed ring of flight
 F - the ring of Xosuxt (right hand) {Ice rPois}
   (You found it on level 4 of the Dungeon)

   [ring of ice]

   It enhances your ice magic.
   It makes you vulnerable to fire.
   It protects you from cold.
   It protects you from poison.
 K - a +4 ring of intelligence
Wands
 m - a wand of flame (7)
 q - a wand of iceblast (9)
 J - a wand of disintegration (13)
Scrolls
 b - 3 scrolls of enchant armour {unknown}
 d - 7 scrolls of identify {unknown}
 e - 9 scrolls of remove curse {unknown}
 g - 2 scrolls of amnesia {unknown}
 h - 9 scrolls of teleportation {unknown}
 k - a scroll of random uselessness {unknown}
 l - 6 scrolls of fear {unknown}
 n - a scroll of fog {unknown}
 x - 3 scrolls of magic mapping {unknown}
 y - a scroll of brand weapon {unknown}
 D - a scroll of noise {unknown}
Potions
 f - 3 potions of haste {unknown}
 j - 2 potions of lignification {unknown}
 p - 2 potions of might
 u - 2 potions of mutation {unknown}
 v - a potion of cancellation {unknown}
 w - 2 potions of magic {unknown}
 z - 5 potions of curing
 A - 2 potions of flight {unknown}
 B - a potion of agility {unknown}
 C - a potion of brilliance {unknown}
 M - 4 potions of degeneration {unknown}
Comestibles
 c - 15 rations


   Skills:
 + Level 7.8 Fighting
 + Level 7.3 Long Blades
 + Level 6.8 Maces & Flails
 + Level 5.5 Armour
 + Level 5.4 Dodging
 + Level 1.2 Stealth


You had 9 spell levels left.
You didn't know any spells.
Your spell library contained the following spells:

 Spells                   Type           Power        Failure   Level  Hunger
 Summon Small Mammal      Summ           #...         54%         1    ##.....
 Call Imp                 Summ           #.......     67%         2    ###....
 Call Canine Familiar     Summ           #.......     88%         3    ####...
 Summon Guardian Golem    Hex/Summ       #.......     88%         3    ####...
 Summon Ice Beast         Ice/Summ       #.......     99%         4    #####..
 Summon Lightning Spire   Summ/Air       #.......     99%         4    #####..


Dungeon Overview and Level Annotations

Branches:
Dungeon (9/15)             Temple (0/1) D:7
   Lair: D:8-11         Orc: D:9-12

Altars:
Cheibriados
Makhleb


Innate Abilities, Weirdness & Mutations

You have a pair of horns on your head.
You are partially covered in large bone plates. (SH +4)
You may emit foul miasma when damaged in melee.
When hurt, damage is shared between your health and your magic reserves.
You regenerate magic rapidly.
You are immune to rotting.


Message History

You slash the orc warrior! You burn the orc warrior.
The orc warrior is heavily wounded.
The orc warrior no longer looks unusually strong.
The orc warrior shoots a bolt.
The bolt closely misses you. The orc warrior hits you!
You slash the orc warrior! You burn the orc warrior.
Your headbutt misses the orc warrior.
The orc warrior is almost dead.
The orc warrior no longer looks unusually strong.
The orc warrior shoots a bolt.
The bolt hits you!
The orc knight roars a battlecry!
The orc warriors go into a battle-frenzy!
The orc warrior hits you!
* * * LOW HITPOINT WARNING * * *
You emit a cloud of foul miasma!
You slash the orc warrior! You burn the orc warrior.
You kill the orc warrior!
Trog accepts your kill.
The orc warrior hits you from afar with a +0 halberd!!
You die...

### ##### ##∩##
####
.....##...##....
.≈≈≈..#...#..≈≈≈
≈≈o≈≈.......≈≈o≈
≈.oo≈.......≈oo.
≈≈o≈≈.o).o..≈≈o≈
#((§# #.@(#
##∩## ###


You could see an orc knight and 5 orc warriors.

Vanquished Creatures
  Erica (D:8)
  A hornet (D:9)
  A hippogriff (D:7)
  A spriggan (D:7)
  A wraith (Ossuary)
  6 orc warriors
  An ice beast (D:7)
  2 sky beasts
  5 ogres
  2 necrophages
  3 centaurs
  3 bullfrogs
  2 scorpions
  4 wights (D:7)
  A howler monkey (D:5)
  4 crimson imps
  2 centaur zombies (D:6)
  2 quasits
  5 orc priests
  7 orc wizards
  3 hounds
  A centaur skeleton (D:6)
  4 iguanas
  Natasha (thrice) (D:2)
  7 worker ants
  A mummy (Ossuary)
  A howler monkey zombie (D:6)
  3 gnolls (D:6)
  A howler monkey skeleton (D:6)
  4 river rats (Sewer)
  9 adders
  6 oozes
  An adder skeleton (D:5)
  4 worms
  3 dart slugs
  3 leopard geckos
  33 orcs
  6 bats
  4 giant cockroaches
  11 goblins
  12 hobgoblins
  24 jackals
  6 kobolds
  4 quokkas
  6 ball pythons
  12 frilled lizards
  9 gnoll skeletons (Ossuary)
  A jackal skeleton (D:7)
  4 kobold skeletons (Ossuary)
  2 leopard gecko skeletons
  12 orc skeletons (Ossuary)
  A quokka zombie (D:5)
  15 rats
270 creatures vanquished.

Notes
Turn   | Place    | Note
-------+----------+-------------------------------------------
     0 | D:1      | BinkBink the Demonspawn Berserker began the quest for the
                  | Orb.
     0 | D:1      | Reached XP level 1. HP: 18/18 MP: 1/1
   203 | D:1      | You fall into a shaft and drop 1 floor!
   211 | D:2      | Gained mutation: You are immune to rotting. [demonic
                  | ancestry]
   211 | D:2      | Reached XP level 2. HP: 15/24 MP: 2/2
   553 | D:1      | Gained mutation: You have a pair of small horns on your
                  | head. [demonic ancestry]
   553 | D:1      | Reached XP level 3. HP: 24/29 MP: 3/3
   620 | D:1      | Reached ** piety under Trog
  1525 | D:2      | Noticed Natasha
  1543 | D:2      | Killed Natasha
  1543 | D:2      | Reached XP level 4. HP: 14/35 MP: 4/4
  1718 | D:2      | Noticed Natasha
  1729 | D:2      | Killed Natasha
  1778 | D:2      | Noticed Natasha
  2029 | D:2      | Killed Natasha
  2029 | D:2      | Gained mutation: You may emit foul miasma when damaged in
                  | melee. [demonic ancestry]
  2029 | D:2      | Reached XP level 5. HP: 24/42 MP: 5/5
  2171 | D:3      | Found a snail-covered altar of Cheibriados.
  2889 | D:3      | Found a faded altar of an unknown god.
  3089 | D:4      | Found a glowing drain.
  3110 | D:4      | Gained mutation: When hurt, damage is shared between your
                  | health and your magic reserves. [demonic ancestry]
  3110 | D:4      | Reached XP level 6. HP: 42/48 MP: 6/6
  3126 | Sewer    | Entered a sewer
  3134 | Sewer    | Reached *** piety under Trog
  3515 | D:4      | Found a sand-covered staircase.
  3524 | Ossuary  | Entered an ossuary
  3524 | Ossuary  | Noticed a wraith
  3524 | Ossuary  | Noticed a wraith
  3524 | Ossuary  | Noticed a wraith
  3579 | Ossuary  | Noticed a wraith
  3620 | Ossuary  | Killed a wraith
  3620 | Ossuary  | Reached skill level 5 in Long Blades
  3620 | Ossuary  | Reached XP level 7. HP: 31/54 MP: 2/7
  3715 | Ossuary  | Reached **** piety under Trog
  3997 | D:4      | Found a burning altar of Makhleb.
  4117 | D:4      | Got an ancient golden ring
  4874 | D:4      | Identified the ring of Xosuxt {Ice rPois} (You found it on
                  | level 4 of the Dungeon)
  4876 | D:5      | Entered Level 5 of the Dungeon
  4969 | D:5      | Reached skill level 1 in Stealth
  4972 | D:5      | Reached skill level 1 in Maces & Flails
  5039 | D:5      | Gained mutation: You regenerate magic rapidly. [demonic
                  | ancestry]
  5039 | D:5      | Reached XP level 8. HP: 61/61 MP: 8/8
  5056 | D:5      | Received a gift from Trog
  5059 | D:5      | Reached skill level 5 in Fighting
  5637 | D:6      | Reached ***** piety under Trog
  5780 | D:6      | Gained mutation: You are partially covered in large bone
                  | plates. (SH +4) [demonic ancestry]
  5780 | D:6      | Reached XP level 9. HP: 69/69 MP: 9/9
  5957 | D:6      | Reached skill level 5 in Maces & Flails
  6188 | D:7      | Reached skill level 5 in Armour
  6303 | D:7      | Found a staircase to the Ecumenical Temple.
  6353 | D:7      | Reached skill level 5 in Dodging
  6936 | D:8      | Noticed Erica
  6940 | D:8      | Gained mutation: You have a pair of horns on your head.
                  | [demonic ancestry]
  6940 | D:8      | Reached XP level 10. HP: 79/79 MP: 10/10
  6945 | D:8      | Killed Erica
  7392 | D:9      | Found a flagged portal.
  7408 | Bailey   | Entered a bailey
  7408 | Bailey   | Noticed an orc knight
  7409 | Bailey   | Noticed an orc knight
  7409 | Bailey   | Noticed an orc knight
  7428 | Bailey   | Slain by an orc warrior

Levels and vault maps discovered:
D:1:      lightli_arrival_maybe_door_vault, layout_basic
D:2:      layout_loops_ring, serial_forest, infiniplex_forest_clump_long,
          infiniplex_forest_end_2, infiniplex_forest_zigzag_1,
          infiniplex_forest_clump_diagonal, infiniplex_forest_zigzag_1,
          infiniplex_forest_clump_cross, uniq_natasha
D:3:      layout_basic, kennysheep_slug_shrine, serial_curves, eino_curves_02,
          eino_curves_03, chequers_ecumenical_altar_simple_redux, first_ration,
          chequers_serial_rivers_marsh
D:4:      cheibrodos_old_hovel, layout_basic, bloody_makhleb, enter_ossuary_5,
          cheibrodos_sewer_entry_drain
D:5:      layout_rooms
D:6:      layout_loops_ring, hangedman_decor_riveting, hangedman_decor_opposing
D:7:      layout_cave_pools, minmay_temple_entry_wispy, the_bakery
D:8:      layout_basic, uniq_erica
D:9:      layout_cross, david_orc_2, enter_bailey_3, serial_shops,
          kennysheep_mini_moat, lemuel_hellish_altar
Bailey:   bailey_polearm_4, bailey

Skill      XL: |  1  2  3  4  5  6  7  8  9 10 |
---------------+-------------------------------+-----
Long Blades    | 3 4 5 6 7 |  7.3
Dodging        | 2 3 4 5 |  5.4
Armour         | 2 3 4 5 |  5.5
Fighting       | 4 6 7 |  7.8
Stealth        | 1 |  1.2
Maces & Flails | 1 4 6 |  6.8

Action                   |  1- 3 |  4- 6 |  7- 9 | 10-12 || total
-------------------------+-------+-------+-------+-------++-------
Melee: Falchion          |   125 |   221 |   291 |     5 ||   642
       Headbutt          |    18 |    42 |   104 |     6 ||   170
       Mace              |       |       |   305 |       ||   305
       Scimitar          |       |       |       |    34 ||    34
Invok: Trog's Hand       |       |     1 |     3 |     1 ||     5
  Use: Potion            |     2 |     1 |       |       ||     3
  Eat: Chunk             |     2 |     4 |    10 |       ||    16
       Ration            |       |     1 |     1 |     1 ||     3
Armor: Animal skin       |     3 |       |       |       ||     3
       Ring mail         |    42 |   107 |   348 |     8 ||   505
Dodge: Dodged            |   105 |   206 |   466 |    35 ||   812
Block: Other             |       |       |    38 |    13 ||    51
       Rpst.: Falchion   |    37 |    60 |    63 |       ||   160
       Scimitar          |       |       |       |     2 ||     2

Table legend:
 A = Non-vault XP
 B = Vault XP
 C = Vault XP percentage of total XP
 D = Non-vault monster count
 E = Vault monster count
 F = Vault count percentage of total count
                 A         B        C        D         E       F
            +---------+---------+-------+---------+---------+-------
      Total |    5449 |    1633 |  23.1 |     210 |      60 |  22.2
            +---------+---------+-------+---------+---------+-------
        D:1 |      43 |       0 |   0.0 |      21 |       0 |   0.0
        D:2 |     118 |      36 |  23.4 |      27 |       1 |   3.6
        D:3 |     161 |       4 |   2.4 |      23 |       1 |   4.2
        D:4 |     522 |       5 |   0.9 |      34 |       4 |  10.5
        D:5 |     682 |       0 |   0.0 |      15 |       0 |   0.0
        D:6 |    1179 |       0 |   0.0 |      40 |       0 |   0.0
        D:7 |    1493 |     215 |  12.6 |      29 |       1 |   3.3
        D:8 |     926 |     897 |  49.2 |      19 |       1 |   5.0
        D:9 |     325 |       7 |   2.1 |       2 |       4 |  66.7
      Sewer |       0 |      82 | 100.0 |       0 |      19 | 100.0
    Ossuary |       0 |     251 | 100.0 |       0 |      27 | 100.0
     Bailey |       0 |     136 | 100.0 |       0 |       2 | 100.0
            +---------+---------+-------+---------+---------+-------
